 Dungeon Crawl Stone Soup version 0.30-a0-777-ga9a30cbeda (webtiles) character file.

Game seed: 3418254803834600021

32 Flugslaktarn the Shield-Bearer (level 3, -6/26 HPs)
             Began as an Octopode Fighter on Feb 13, 2023.
             Succumbed to a goblin's poison
             ... on level 2 of the Dungeon.
             The game lasted 00:00:41 (1175 turns).

Flugslaktarn the Shield-Bearer (Octopode Fighter)   Turns: 1175, Time: 00:00:42

Health: -6/26      AC:  1    Str: 17    XL:     3   Next: 27%
Magic:  3/3        EV:  9    Int: 10    God:
Gold:   31         SH: 12    Dex: 11    Spells: 2/2 levels left

rFire   . . .      SeeInvis .    a - +0 war axe
rCold   . . .      Faith    .    e - +0 tower shield
rNeg    . . .      Spirit   .    (helmet restricted)
rPois   .          Reflect  .    (no amulet)
rElec   .          Harm     .    (no ring)
rCorr   .          Rampage  .    (no ring)
Will    .....                    (no ring)
Stlth   ++                       (no ring)
HPRegen 0.24/turn                (no ring)
MPRegen 0.08/turn                (no ring)
                                 (no ring)
                                 (no ring)

@: lethally poisoned (-6 -> -39)
A: almost no armour, amphibious, 8 rings, camouflage 1, gelatinous body 1,
(nimble swimmer 1), tentacles
a: no special abilities


You were on level 2 of the Dungeon.
You visited 1 branch of the dungeon, and saw 2 of its levels.

You collected 31 gold pieces.

Inventory:

Hand Weapons
 a - a +0 war axe (weapon)
Armour
 b - a +0 buckler
 e - a +0 tower shield (worn)
   (You found it on level 1 of the Dungeon)
Jewellery
 k - an amulet of regeneration
   (You found it on level 1 of the Dungeon)
Scrolls
 c - 3 scrolls of identify {unknown}
 g - a scroll of teleportation {unknown}
 j - a scroll of brand weapon {unknown}
 l - a scroll of immolation {unknown}
Potions
 h - a potion of berserk rage {unknown}
 i - a potion of brilliance {unknown}


   Skills:
 + Level 3.2 Fighting
 * Level 2.6 Axes
 + Level 3.2 Dodging
 * Level 3.4 Shields


You had 2 spell levels left.
You didn't know any spells.
Your spell library was empty.

Dungeon Overview and Level Annotations

Branches:
Dungeon (2/15)

Altars:

Shops:
D:1 [:

Annotations:
D:2 Robin


Innate Abilities, Weirdness & Mutations

You cannot wear most types of armour.
You are amphibious.
You can wear up to eight rings at the same time.
Your skin changes colour to match your surroundings (Stealth+).
Your rubbery body absorbs attacks. (AC +1, EV +1)
((You are camouflaged when in or above water. (Stealth+)))
You have tentacles for arms and can constrict up to eight enemies at once.


Message History

It begins to drip with poison!
The goblin hits you with a +2 dagger of venom.
You are poisoned.
There is a stone staircase leading up here.
You feel very sick.
You climb upwards.
You feel very sick.
There is a stone staircase leading down here.
You barely miss the goblin. Your grab misses the goblin.
You feel sick. You block the goblin's attack. x2
You barely miss the goblin. Your grab misses the goblin.
You feel sick. You block the goblin's attack.
You hit the goblin. You grab the goblin.
The goblin is heavily wounded.
You constrict the goblin.
You kill the goblin!
You feel sick.
No target in view!
No target in view!
No target in view!
No target in view!
No target in view!
You feel sick.
You are no longer poisoned.
Things that are here:
a +2 dagger of venom; a +0 sling You start resting.
HP restored.
There is a stone staircase leading down here.
You climb downwards.
Level annotation: Robin The goblin unwields a +0 dagger.
The goblin wields a +0 sling.
The goblin shoots a sling bullet.
The sling bullet barely misses you.
You block the goblin's attack. x2; The goblin shoots a sling bullet.
The sling bullet closely misses you.
There is a stone staircase leading up here.
The goblin hits you with a +0 dagger.
You climb upwards.
There is a stone staircase leading down here.
You closely miss the goblin. Your grab misses the goblin.
You block the goblin's attack. x2
You hit the goblin. Your grab misses the goblin. You squeeze the goblin.
The goblin is severely wounded.
You block the goblin's attack. The goblin hits you with a +0 dagger.
You closely miss the goblin. Your grab misses the goblin.
Your squeeze misses the goblin.
The goblin is severely wounded.
You block the goblin's attack.
You barely miss the goblin. Your grab misses the goblin.
The goblin is severely wounded.
You block the goblin's attack. x2
You hit the goblin.
You kill the goblin!
Things that are here:
a +0 dagger; a +0 club You can't go down here!
There is a stone staircase leading down here.
You climb downwards.
Level annotation: Robin You block the goblin's attack.
There is a stone staircase leading up here.
The goblin shouts!
You hit the goblin. Your grab misses the goblin. You squeeze the goblin.
You kill the goblin!
You barely miss the goblin. Your grab misses the goblin.
A goblin comes into view. It is wielding a +0 dagger of venom.
The goblin unwields a +0 sling.
The goblin wields a +0 dagger.
You block the goblin's attack. The goblin hits you but does no damage.
You block the goblin's attack.
You barely miss the goblin. Your grab misses the goblin.
Your squeeze misses the goblin. You closely miss the goblin.
You hit the goblin.
The goblin hits you with a +0 dagger of venom.
You are poisoned.
You block the goblin's attack. The goblin hits you with a +0 dagger.
You block the goblin's attack. The goblin hits you with a +0 club.
You barely miss the goblin. Your grab misses the goblin.
The goblin is moderately wounded.
You miss the goblin. You hit the goblin.
You kill the goblin!
You feel very sick. You block the goblin's attack.
The goblin hits you with a +0 dagger of venom.
You are lethally poisoned!
You block the goblin's attack. The goblin hits you but does no damage.
You are more poisoned.
You are too injured to fight recklessly!
You feel very mighty all of a sudden.
* * * LOW HITPOINT WARNING * * *
You feel extremely sick. You block the goblin's attack.
A rat comes into view.
The goblin hits you with a +0 dagger of venom.
* * * LOW HITPOINT WARNING * * *
You are more poisoned.
It was a potion of cancellation.
Your magical effects are unravelling.
You feel magically purged.
You feel a little less mighty now.
You die...

.###
g.g.g####
#.g.)r#
####.# #
#.)gg#.#
(##.##.#@...#
#.........###
#......#.##
.##...<#.#
#.##.##.. ..
.. .##. . ##.
. .# # . # ..


You could see 2 goblins and a rat.

Vanquished Creatures
  3 ball pythons (D:1)
  An endoplasm (D:1)
  9 goblins
  4 hobgoblins (D:1)
  2 quokkas (D:1)
  A bat (D:1)
  A frilled lizard (D:1)
  4 kobolds (D:1)
  4 rats (D:1)
29 creatures vanquished.

Notes
Turn   | Place    | Note
-------+----------+-------------------------------------------
     0 | D:1      | Flugslaktarn the Octopode Fighter began the quest for the
                  | Orb.
     0 | D:1      | Reached XP level 1. HP: 16/16 MP: 1/1
   208 | D:1      | Reached XP level 2. HP: 21/21 MP: 2/2
   432 | D:1      | Found Emoahoh's Book Boutique.
   492 | D:1      | Found Zosaish's Antique Armour Shop.
   861 | D:1      | Reached XP level 3. HP: 24/26 MP: 3/3
   991 | D:2      | Noticed Robin
  1174 | D:2      | HP: 1/26 [goblin/+0 dagger of venom (1)]
  1175 | D:2      | Succumbed to a goblin's poison

Illustrated notes

Levels and vault maps discovered:
D:1:      dpeg_arrival_more_subterranean_lakeside_camping, layout_loops_corners,
          serial_shops, shop_fountains, nicolae_shop_trees
D:2:      layout_basic, nicolae_eternal_life, uniq_robin

Action                     || total
---------------------------++-------
  Melee: War axe           ||    51
         Constrict         ||    12
         Tentacles         ||    10
         Punch             ||     1
    Use: Potion            ||     2
   Stab: Sleeping          ||     1
 Armour: Skin              ||     5
  Dodge: Dodged            ||    19
  Block: Tower shield      ||    40

Table legend: (Time is in decaauts)
 A = Elapsed time spent in this place.
 B = Non-inter-level travel time spent in this place.
 C = Inter-level travel time spent in this place.
 D = Time resting spent in this place.
 E = Time spent auto-exploring this place.
 F = Levels seen in this place.
 G = Mean time per level.
                   A        B        C        D        E       F      G
               +--------+--------+--------+--------+--------+-----+--------+
         Total |   1215 |   1170 |     45 |    146 |    816 |   2 |  607.5 |
       Dungeon |   1215 |   1170 |     45 |    146 |    816 |   2 |  607.5 |
               +--------+--------+--------+--------+--------+-----+--------+

Top non-repeatable levels by time:
     D:1: 1187 daAuts
     D:2: 28 daAuts
